 Dungeon Crawl Stone Soup version 0.21.1-1-g345015fe64 (webtiles) character file.

1959 Ablot the Fighter (level 9, -11/77 HPs)
             Began as a Gnoll Wanderer on July 19, 2018.
             Was an Initiate of Okawaru.
             Mangled by an orc warrior
             ... wielding a +0 scimitar
              (15 damage)
             ... on level 6 of the Dungeon.
             The game lasted 00:30:38 (7770 turns).

Ablot the Fighter (Gnoll Wanderer)                  Turns: 7770, Time: 00:30:39

Health: -11/77     AC:  5    Str: 15    XL:     9   Next: 19%
Magic:  14/14      EV: 20    Int: 14    God:    Okawaru [......]
Gold:   318        SH:  0    Dex: 23    Spells: 15/15 levels left

rFire    + . .     SeeInvis .   t - +3 dagger (venom)
rCold    x . .     Gourm    .   (no shield)
rNeg     . . .     Faith    .   f - +0 robe
rPois    .         Spirit   .   (no helmet)
rElec    .         Reflect  .   A - +1 cloak
rCorr    .         Harm     .   h - +0 pair of gloves
MR       .....                  (no boots)
Stlth    ++++......             (no amulet)
HPRegen  0.22/turn              s - ring of fire
MPRegen  0.14/turn              (no ring)

@: agile, lethally poisoned (-11 -> -12)
A: distributed training, fangs 1, strong nose
a: Renounce Religion


You were on level 6 of the Dungeon.
You worshipped Okawaru.
Okawaru was noncommittal.
You were not hungry.

You visited 2 branches of the dungeon, and saw 7 of its levels.

You collected 318 gold pieces.

Inventory:

Hand Weapons
 m - a +2 shortbow of velocity
 t - a +3 dagger of venom (weapon)
 x - a +1 whip of electrocution
Missiles
 b - 71 arrows
 y - 36 sling bullets
 E - 2 throwing nets (quivered)
Armour
 f - a +0 robe (worn)
 h - a +0 pair of gloves (worn)
 A - a +1 cloak (worn)
Jewellery
 s - a ring of fire (left hand)
Wands
 q - a wand of clouds (6)
 u - a wand of paralysis (14)
Scrolls
 a - a scroll of blinking
 k - 2 scrolls of magic mapping
 o - 2 scrolls of amnesia
 p - 2 scrolls of enchant weapon
 w - 2 scrolls of enchant armour
Potions
 c - a potion of invisibility
 d - a potion of haste
 e - a potion of might
 i - a potion of curing
 l - a potion of flight
 n - a potion of agility
 v - 2 potions of brilliance
 z - a potion of mutation {unknown}
 C - a potion of lignification {unknown}
Comestibles
 g - 9 rations


   Skills:
 + Level 9.4 Fighting
 + Level 3.9 Short Blades
 + Level 3.9 Long Blades
 + Level 3.9 Axes
 + Level 3.9 Maces & Flails
 + Level 3.9 Polearms
 + Level 3.9 Staves
 + Level 3.9 Slings
 + Level 6.1 Bows
 + Level 3.9 Crossbows
 + Level 4.7 Throwing
 + Level 4.7 Armour
 + Level 3.9 Dodging
 + Level 4.6 Stealth
 + Level 4.7 Shields
 + Level 3.9 Unarmed Combat
 + Level 3.9 Spellcasting
 + Level 3.2 Conjurations
 + Level 3.2 Hexes
 + Level 3.2 Charms
 + Level 3.2 Summonings
 + Level 3.2 Necromancy
 + Level 3.2 Translocations
 + Level 3.2 Transmutations
 + Level 3.2 Fire Magic
 + Level 3.2 Ice Magic
 + Level 3.2 Air Magic
 + Level 3.2 Earth Magic
 + Level 3.2 Poison Magic
 + Level 4.3 Invocations
 + Level 3.9 Evocations


You had 15 spell levels left.
You didn't know any spells.

Dungeon Overview and Level Annotations

Branches:
Dungeon (6/15)             Temple (1/1) D:5

Altars:
Ashenzari
Cheibriados
Dithmenos
Fedhas
Gozag
Kikubaaqudgha
Makhleb
Nemelex Xobeh
Okawaru
Qazlal
Ru
Sif Muna
Trog
Uskayaw
Vehumet
Wu Jian
Xom
Zin
The Shining One


Innate Abilities, Weirdness & Mutations

Your experience applies equally to all skills.
You have very sharp teeth.
Your uncanny sense of smell can sniff out nearby items.


Message History

The orc warrior hits you with a scimitar!!
The orc misses you.
You barely miss the orc warrior.
The orc warrior is moderately wounded.
The bullfrog misses you.
An orc wizard comes into view. It is wielding a dagger.
You hit the orc warrior but do no damage.
The orc warrior looks as sick as possible!
You bite the orc warrior, but do no damage.
The orc warrior is moderately wounded.
You kill the orc!
Okawaru accepts your kill. The bullfrog hits you!
The orc warrior hits you with a scimitar!!
* * * LOW HITPOINT WARNING * * *
You feel agile all of a sudden.
The bullfrog hits you but does no damage.
The leopard gecko misses you.
The orc warrior hits you with a scimitar!
You die...

).............#......#
*,,,*
(...........#......>.#
***,*
.......#....###.?....#
*,*
.#...................##
*,*
.#######.#######......#
*,* .# *.#######.####.#
*,* .#
*,.......?####.#***,* .#
*,.#####..#...,,,,,,* .#
*,,#####.@#.#*,****** ##
*,......oFl.#*,*
**.#####.o.....#
**,****#.####..#* **
***,,,,,...,,,,,..# ,*
*,,*,,,#..o*,,,*,.#
,*****,,,,,.....,,,,,,,#
,,,,,,,,,,#...#.,,*,,,,*
,******,,,...$,,,,,,,,,*


You could see an orc warrior, a bullfrog, an orc priest, an orc wizard and a
leopard gecko.

Vanquished Creatures
  Pikel (D:4)
  The ghost of swarr the Ruffian, an amateur TrWz of Okawaru (D:4)
  Menkaure (D:5)
  Duvessa (D:4)
  A sky beast (D:5)
  A phantom (D:5)
  A centaur (D:6)
  A gnoll sergeant (D:6)
  Dowan (D:4)
  2 scorpions
  A howler monkey (D:4)
  2 crimson imps
  2 orc wizards
  2 hounds (D:4)
  Crazy Yiuf (D:4)
  A centaur skeleton (D:5)
  Natasha (thrice) (D:2)
  A worker ant (D:5)
  10 gnolls
  A river rat (D:4)
  7 adders
  A shadow imp (D:5)
  5 worms (D:2)
  3 dart slugs
  5 leopard geckos
  7 orcs
  4 giant cockroaches
  8 goblins
  5 hobgoblins
  15 jackals
  6 kobolds (D:3)
  3 quokkas
  2 ball pythons
  4 bats
  3 frilled lizards
  A jackal skeleton (D:6)
  13 rats
127 creatures vanquished.

Vanquished Creatures (others)
  2 slaves (D:4)
  A scorpion (D:4)
  2 orc priests (D:4)
  A worker ant (D:4)
  A howler monkey skeleton (D:4)
  A gnoll (D:4)
  A worm (D:4)
  An orc (D:4)
  A giant cockroach (D:4)
  A frilled lizard (D:4)
12 creatures vanquished.

Grand Total: 139 creatures vanquished

Notes
Turn   | Place    | Note
-------+----------+-------------------------------------------
     0 | D:1      | Ablot the Gnoll Wanderer began the quest for the Orb.
     0 | D:1      | Ablot set off with: a +2 shortbow, 26 arrows, a +0 hand crossbow, 22 bolts, a potion of curing, a +0 robe, a ration
     0 | D:1      | Reached XP level 1. HP: 26/26 MP: 1/1
   304 | D:1      | Reached XP level 2. HP: 31/33 MP: 2/2
   927 | D:2      | Noticed Natasha
   933 | D:2      | Noticed a crimson imp
   937 | D:2      | Killed Natasha
   937 | D:2      | Reached skill level 1 in Invocations
   937 | D:2      | Reached XP level 3. HP: 23/38 MP: 2/4
   943 | D:2      | Noticed Natasha
   944 | D:2      | Killed Natasha
   944 | D:2      | Reached skill level 1 in Short Blades
   944 | D:2      | Reached skill level 1 in Long Blades
   944 | D:2      | Reached skill level 1 in Axes
   944 | D:2      | Reached skill level 1 in Maces & Flails
   944 | D:2      | Reached skill level 1 in Polearms
   944 | D:2      | Reached skill level 1 in Staves
   944 | D:2      | Reached skill level 1 in Slings
   944 | D:2      | Reached skill level 1 in Crossbows
   944 | D:2      | Reached skill level 1 in Dodging
   944 | D:2      | Reached skill level 1 in Unarmed Combat
   944 | D:2      | Reached skill level 1 in Spellcasting
   944 | D:2      | Reached skill level 1 in Evocations
   944 | D:2      | Reached XP level 4. HP: 29/45 MP: 2/5
  1099 | D:2      | Noticed Natasha
  1107 | D:2      | Killed Natasha
  1107 | D:2      | Reached skill level 1 in Conjurations
  1107 | D:2      | Reached skill level 1 in Hexes
  1107 | D:2      | Reached skill level 1 in Charms
  1107 | D:2      | Reached skill level 1 in Summonings
  1107 | D:2      | Reached skill level 1 in Necromancy
  1107 | D:2      | Reached skill level 1 in Translocations
  1107 | D:2      | Reached skill level 1 in Transmutations
  1107 | D:2      | Reached skill level 1 in Fire Magic
  1107 | D:2      | Reached skill level 1 in Ice Magic
  1107 | D:2      | Reached skill level 1 in Air Magic
  1107 | D:2      | Reached skill level 1 in Earth Magic
  1107 | D:2      | Reached skill level 1 in Poison Magic
  1245 | D:2      | Found a faded altar of an unknown god.
  1358 | D:2      | Reached XP level 5. HP: 31/51 MP: 6/6
  1561 | D:2      | Found a glowing silver altar of Zin.
  1777 | D:2      | Noticed a moth of wrath
  1780 | D:2      | Found a bloodstained altar of Trog.
  2473 | D:3      | Paralysed by a kobold for 2 turns
  2690 | D:3      | Found a glowing golden altar of the Shining One.
  2693 | D:3      | Reached XP level 6. HP: 57/57 MP: 8/8
  3012 | D:4      | Noticed Pikel
  3012 | D:4      | Noticed a slave
  3012 | D:4      | Noticed a slave
  3012 | D:4      | Noticed a slave
  3015 | D:4      | Noticed a slave
  3036 | D:4      | Killed Pikel
  3036 | D:4      | Reached skill level 5 in Bows
  3036 | D:4      | Reached XP level 7. HP: 4/63 MP: 8/10
  3047 | D:4      | Reached skill level 9 in Fighting
  3138 | D:4      | Noticed swarr's ghost (amateur TrWz)
  3160 | D:4      | Noticed Duvessa
  3477 | D:4      | Killed swarr's ghost
  3477 | D:4      | Reached XP level 8. HP: 43/71 MP: 10/12
  3771 | D:4      | Killed Duvessa
  3782 | D:4      | Noticed Dowan
  4025 | D:4      | Killed Dowan
  5090 | D:4      | Found a sparkling altar of Nemelex Xobeh.
  5309 | D:4      | Found a runed door.
  5339 | D:4      | Noticed Crazy Yiuf
  5351 | D:4      | Killed Crazy Yiuf
  5611 | D:5      | Entered Level 5 of the Dungeon
  5673 | D:5      | Noticed Menkaure
  5682 | D:5      | Killed Menkaure
  5935 | D:5      | Found a staircase to the Ecumenical Temple.
  5945 | Temple   | Entered the Ecumenical Temple
  6037 | Temple   | Became a worshipper of Warmaster Okawaru
  6347 | D:5      | Reached XP level 9. HP: 29/76 MP: 14/14
  7770 | D:6      | Mangled by an orc warrior

Skill      XL: |  1  2  3  4  5  6  7  8  9 |
---------------+----------------------------+-----
Invocations    | 1 2 3 4 |  4.3
Short Blades   | 1 2 3 |  3.9
Long Blades    | 1 2 3 |  3.9
Axes           | 1 2 3 |  3.9
Maces & Flails | 1 2 3 |  3.9
Polearms       | 1 2 3 |  3.9
Staves         | 1 2 3 |  3.9
Slings         | 1 2 3 |  3.9
Crossbows      | 1 2 3 |  3.9
Dodging        | 1 2 3 |  3.9
Unarmed Combat | 1 2 3 |  3.9
Spellcasting   | 1 2 3 |  3.9
Evocations     | 1 2 3 |  3.9
Conjurations   | 1 2 3 |  3.2
Hexes          | 1 2 3 |  3.2
Charms         | 1 2 3 |  3.2
Summonings     | 1 2 3 |  3.2
Necromancy     | 1 2 3 |  3.2
Translocations | 1 2 3 |  3.2
Transmutations | 1 2 3 |  3.2
Fire Magic     | 1 2 3 |  3.2
Ice Magic      | 1 2 3 |  3.2
Air Magic      | 1 2 3 |  3.2
Earth Magic    | 1 2 3 |  3.2
Poison Magic   | 1 2 3 |  3.2
Throwing       | 3 4 |  4.7
Armour         | 3 4 |  4.7
Shields        | 3 4 |  4.7
Bows           | 5 6 |  6.1
Stealth        | 3 4 |  4.6
Fighting       | 9 |  9.4

Action                   |  1- 3 |  4- 6 |  7- 9 || total
-------------------------+-------+-------+-------++-------
Melee: Shortbow          |    38 |       |       ||    38
       Bite              |     8 |    13 |    40 ||    61
       Whip              |    40 |    40 |    33 ||   113
       Punch             |       |     6 |     4 ||    10
       Dagger            |       |   105 |   221 ||   326
 Fire: Shortbow          |    18 |    14 |    34 ||    66
  Use: Potion            |       |     1 |     2 ||     3
       Scroll            |       |       |    12 ||    12
 Stab: Sleeping          |     1 |     9 |     4 ||    14
       Distracted        |       |     2 |       ||     2
  Eat: Chunk             |       |     7 |     8 ||    15
       Ration            |       |       |     2 ||     2
Armor: Robe              |    33 |    14 |    39 ||    86
Dodge: Dodged            |    57 |    68 |   175 ||   300
